 Dungeon Crawl Stone Soup version 0.22.0-5-gf09313c (webtiles) character file.

1644 Lew the Covert (level 8, -4/54 HPs)
             Began as an Octopode Fighter on Aug 13, 2018.
             Slain by an orc priest
             ... wielding a cursed +0 trident
              (9 damage)
             ... on level 5 of the Dungeon.
             The game lasted 00:11:48 (4613 turns).

Lew the Covert (Octopode Fighter)                   Turns: 4613, Time: 00:11:48

Health: -4/54      AC:  1    Str: 14 (15) XL:     8   Next: 99%
Magic:  17/17      EV: 13    Int: 10 (11) God:
Gold:   325        SH: 13    Dex: 13      Spells: 7/7 levels left

rFire    + . .     SeeInvis .   a - +2 trident
rCold    . . .     Gourm    .   b - +0 shield
rNeg     . . .     Faith    .   (helmet restricted)
rPois    .         Spirit   .   i - +4 amulet of reflection
rElec    .         Reflect  +   j - ring of stealth
rCorr    .         Harm     .   o - ring of magical power
MR       .....     Rnd*Rage +   (no ring)
Stlth    +++++++...             (no ring)
HPRegen  0.18/turn              (no ring)
MPRegen  0.15/turn              (no ring)
                                (no ring)
                                (no ring)

@: no status effects
A: almost no armour, stealthy swim, amphibious, 8 rings, constrict 8, camouflage
1, berserk 1, deterioration 1, fire resistance 1, gelatinous body 1
a: no special abilities


You were on level 5 of the Dungeon.
You were not hungry.

You visited 1 branch of the dungeon, and saw 5 of its levels.
You also visited: Ossuary.

You collected 325 gold pieces.

Inventory:

Hand Weapons
 a - a +2 trident (weapon)
Armour
 b - a +0 shield (worn)
Jewellery
 i - a +4 amulet of reflection (around mantle)
 j - a ring of stealth (left tentacle)
 o - a ring of magical power (right tentacle)
Wands
 l - a wand of scattershot (3)
 q - a wand of polymorph (12)
Scrolls
 f - 3 scrolls of magic mapping
 g - a scroll of teleportation
 m - a scroll of noise {unknown}
 n - a scroll of remove curse
 u - a scroll of fear
Potions
 c - 2 potions of might
 e - 2 potions of curing
 h - a potion of berserk rage
 k - a potion of agility
 p - a potion of magic {unknown}
 t - a potion of lignification
 w - 3 potions of haste
Comestibles
 d - 8 rations


   Skills:
 + Level 4.5 Fighting
 + Level 3.9 Polearms
 + Level 4.5 Dodging
 + Level 11.9 Stealth
 + Level 4.5 Shields


You had 7 spell levels left.
You didn't know any spells.
Your spell library was empty.

Dungeon Overview and Level Annotations

Branches:
Dungeon (5/15)             Temple (0/1) D:5

Altars:
Zin


Innate Abilities, Weirdness & Mutations

You cannot wear most types of armour.
You are very stealthy in the water. (Stealth+)
You are amphibious.
You can wear up to eight rings at the same time.
You can use your tentacles to constrict eight enemies at once.
Your skin changes colour to match your surroundings (Stealth+).
Your rubbery body absorbs attacks. (AC +1, EV +1)
You tend to lose your temper in combat.
Your body sometimes deteriorates upon taking damage.
Your flesh is heat resistant. (rF+)


Message History

You block the orc priest's attack. The orc wizard hits you with a dagger.
You hit the orc wizard.
You kill the orc wizard!
You block the orc priest's attack.
The orc priest mumbles some strange prayers to Beogh against you.
Beogh smites you!
* * * LOW HITPOINT WARNING * * *
Items here: )))) [[ †††† You hit the orc priest but do no damage.
Your grab misses the orc priest. Your squeeze misses the orc priest.
You block the orc priest's attack.
You closely miss the orc priest. You grab the orc priest.
You constrict the orc priest.
The orc priest mumbles some strange prayers to Beogh against you.
Pain shoots through your body!
* * * LOW HITPOINT WARNING * * *
You hit the orc priest. You squeeze the orc priest.
The orc priest is severely wounded.
You constrict the orc priest. The orc priest hits you with a trident!
You die...

..#**,#*,**,*,,,,,.....#
.####.#****,*****,.....#
....).###.,,,,***,.....#
...####..**,**,,**.....#
##...#.####+****,*.....#
###........,,,,,,,.^...#
.....######+######.<...#
.................o.....#
.....#.####'####@#.....#
####.##..##.##..##S....# ,*
#..###.....###,...###*** ,*
#..#*###.### **.....,,,* ,*
#.##,,*#.#,* *#...(.,,*
,**#.#*,,*#..,* *......,*
,,*..#*,,,....* **......,*
,,,...,,**....# *,,,,,,,,*
,**...***#..###***,,,,,,,,*


You could see an orc priest.

Vanquished Creatures
  Pikel (D:5)
  Sigmund (D:3)
  A slave (D:5)
  An ogre (D:3)
  5 water moccasin zombies (Ossuary)
  A scorpion (D:5)
  A bullfrog zombie (D:3)
  A bullfrog skeleton (D:4)
  A hound (D:4)
  4 orc wizards
  Natasha (thrice) (D:2)
  Terence (D:2)
  A worker ant (D:5)
  A killer bee zombie (D:5)
  3 big kobold zombies (Ossuary)
  2 mummies (Ossuary)
  4 adders
  2 oozes
  3 adder zombies (Ossuary)
  2 dart slugs
  3 leopard geckos
  12 orcs
  A ball python (D:4)
  7 giant cockroaches
  3 gnoll zombies (Ossuary)
  11 hobgoblins
  3 jackals (D:1)
  A quokka (D:2)
  4 bats
  5 frilled lizards
  4 goblins
  3 hobgoblin zombies (Ossuary)
  7 kobolds
  8 kobold zombies (Ossuary)
  A leopard gecko skeleton (D:4)
  6 orc zombies (Ossuary)
  6 rats
124 creatures vanquished.

Notes
Turn   | Place    | Note
-------+----------+-------------------------------------------
     0 | D:1      | Lew the Octopode Fighter began the quest for the Orb.
     0 | D:1      | Reached XP level 1. HP: 16/16 MP: 1/1
    21 | D:1      | Reached skill level 1 in Stealth
   174 | D:1      | Reached skill level 2 in Stealth
   177 | D:1      | Reached XP level 2. HP: 9/21 MP: 2/2
   446 | D:1      | Reached skill level 3 in Stealth
   745 | D:1      | Reached XP level 3. HP: 26/26 MP: 3/3
   940 | D:2      | Reached skill level 4 in Stealth
  1345 | D:2      | Noticed Natasha
  1351 | D:2      | Killed Natasha
  1351 | D:2      | Reached skill level 5 in Stealth
  1351 | D:2      | Reached XP level 4. HP: 12/31 MP: 4/4
  1372 | D:2      | Noticed Natasha
  1550 | D:2      | Killed Natasha
  1550 | D:2      | Reached skill level 6 in Stealth
  1846 | D:2      | Noticed Natasha
  1850 | D:2      | Killed Natasha
  1850 | D:2      | Reached XP level 5. HP: 29/36 MP: 5/5
  1918 | D:2      | Noticed Terence
  1925 | D:2      | Killed Terence
  1925 | D:2      | Reached skill level 7 in Stealth
  2466 | D:3      | Noticed Sigmund
  2476 | D:3      | Killed Sigmund
  2476 | D:3      | Reached skill level 9 in Stealth
  2476 | D:3      | Reached XP level 6. HP: 42/42 MP: 6/6
  2765 | D:3      | Gained mutation: You tend to lose your temper in combat. [potion of mutation]
  2765 | D:3      | Gained mutation: Your body sometimes deteriorates upon taking damage. [potion of mutation]
  2765 | D:3      | Gained mutation: Your flesh is heat resistant. (rF+) [potion of mutation]
  2790 | D:3      | Reached skill level 10 in Stealth
  2790 | D:3      | Reached XP level 7. HP: 40/46 MP: 7/7
  3362 | D:4      | Found a glowing silver altar of Zin.
  3546 | D:5      | Entered Level 5 of the Dungeon
  3546 | D:5      | Noticed Pikel
  3565 | D:5      | Found a sand-covered staircase.
  3572 | D:5      | Reached skill level 11 in Stealth
  3576 | Ossuary  | Entered an ossuary
  3849 | Ossuary  | Reached XP level 8. HP: 37/52 MP: 8/8
  4408 | D:5      | Killed Pikel
  4613 | D:5      | Slain by an orc priest

Skill      XL: |  1  2  3  4  5  6  7  8 |
---------------+-------------------------+-----
Stealth        | 2 3 5 6 9 10 11 | 11.9
Fighting       | 4 |  4.5
Polearms       | 3 |  3.9
Dodging        | 4 |  4.5
Shields        | 4 |  4.5

Action                   |  1- 3 |  4- 6 |  7- 9 || total
-------------------------+-------+-------+-------++-------
Melee: Trident           |    70 |    62 |   170 ||   302
       Constrict         |    14 |     8 |    48 ||    70
       Tentacles         |     8 |     6 |    40 ||    54
  Use: Scroll            |     4 |     7 |     5 ||    16
       Potion            |       |     3 |     5 ||     8
 Stab: Sleeping          |    11 |    16 |    14 ||    41
       Distracted        |     1 |       |       ||     1
  Eat: Ration            |     1 |     1 |     2 ||     4
Armor: Skin              |     1 |     1 |     2 ||     4
Dodge: Dodged            |    14 |    11 |    46 ||    71
Block: Shield            |    16 |    24 |    78 ||   118
